 Dungeon Crawl Stone Soup version 0.22-a0-283-g1871b15 (webtiles) character file.

26 4thArraOfDagon the Slasher (level 3, -7/27 HPs)
             Began as a Formicid Warper on Mar 18, 2018.
             Mangled by an ogre
             ... wielding a +0 giant club
              (8 damage)
             ... on level 4 of the Dungeon.
             The game lasted 00:02:11 (396 turns).

4thArraOfDagon the Slasher (Formicid Warper)         Turns: 396, Time: 00:02:12

Health: -7/27      AC:  5    Str: 15    XL:     3   Next: 22%
Magic:  6/6        EV: 11    Int: 13    God:
Gold:   53         SH:  0    Dex: 10    Spells: 6/6 levels left

rFire    . . .     SeeInvis +   a - +0 falchion
rCold    . . .     Gourm    .   (no shield)
rNeg     . . .     Faith    .   c - +0 ring mail
rPois    .         Spirit   .   (helmet unavailable)
rElec    .         Reflect  .   (no cloak)
rCorr    .         Harm     .   (no gloves)
MR       .....                  (no boots)
Stlth    ..........             (no amulet)
HPRegen  0.09/turn              (no ring)
MPRegen  0.10/turn              (no ring)

@: no status effects
A: permanent stasis, dig shafts and tunnels, four strong arms, antennae 3
a: Dig, Shaft Self


You were on level 4 of the Dungeon.
You were not hungry.

You visited 1 branch of the dungeon, and saw 5 of its levels.

You collected 53 gold pieces.

Inventory:

Hand Weapons
 a - a +0 falchion (weapon)
Missiles
 e - 5 tomahawks of dispersal (quivered)
Armour
 b - a +1 leather armour
 c - a +0 ring mail (worn)
Scrolls
 d - a scroll of blinking
Comestibles
 f - 7 rations


   Skills:
 - Level 2.1 Fighting
 * Level 3.4 Long Blades
 - Level 1.0 Throwing
 - Level 1.1 Armour
 - Level 1.7 Dodging
 - Level 2.1 Spellcasting
   Level 2.6 Translocations


You had 6 spell levels left.
You didn't know any spells.

Dungeon Overview and Level Annotations

Branches:
Dungeon (5/15)
 Temple: D:4-7

Altars:
The Shining One

Annotations:
D:5 Prince Ribbit


Innate Abilities, Weirdness & Mutations

You cannot be hasted, slowed, berserked, paralysed or teleported.
You can dig through walls and to a lower floor.
Your four strong arms can wield two-handed weapons with a shield.
You have a pair of large antennae on your head. (SInv)


Message History

Okay, then.
The worker ant closely misses you.
You climb upwards.
There is a stone staircase leading down here.
Unknown command.
Unknown command.
You extend your mandibles.
Unknown command.
You retract your mandibles.
Unknown command.
Are you sure you want to shaft yourself?
You feel quite a bit more hungry.
The worker ant waves its antennae.
The worker ant bites you.
* * * LOW HITPOINT WARNING * * *
You begin to dig a shaft.
You continue digging a shaft.
The worker ant bites you.
* * * LOW HITPOINT WARNING * * *
The ogre hits you with a giant club!
You die...

#.... ..... ..... #.....
#...# ##############...##
###########O.................
...........a@........##....##
..##################.##....##
#.[#....## ##.#....##
#.......## ..........##
##.....###.# ...##.## ##. .)#
#. ##


You could see an ogre and a worker ant.

Vanquished Creatures
  A dart slug (D:1)
  An orc (D:3)
  2 bats
  A giant cockroach (D:1)
  3 goblins
  3 hobgoblins (D:1)
  3 jackals (D:3)
  4 kobolds
  A ball python (D:1)
  A frilled lizard (D:1)
20 creatures vanquished.

Notes
Turn   | Place    | Note
-------+----------+-------------------------------------------
     0 | D:1      | 4thArraOfDagon the Formicid Warper began the quest for the Orb.
     0 | D:1      | Reached XP level 1. HP: 16/16 MP: 3/3
    46 | D:1      | Reached XP level 2. HP: 11/22 MP: 5/5
   160 | D:1      | Reached skill level 3 in Long Blades
   163 | D:1      | HP: 1/22 [kobold (3)]
   215 | D:1      | You fall through a shaft!
   238 | D:2      | Noticed a quasit
   239 | D:2      | You fall through a shaft!
   273 | D:2      | Found a glowing golden altar of the Shining One.
   280 | D:3      | Reached XP level 3. HP: 10/27 MP: 6/6
   385 | D:4      | Noticed an ogre
   385 | D:4      | Sergey: why dont you use shroud of golubria ?
   391 | D:5      | Entered Level 5 of the Dungeon
   391 | D:5      | Noticed Prince Ribbit
   396 | D:4      | HP: 1/27 [worker ant (6)]
   396 | D:4      | Mangled by an ogre

Vault maps used:
D:1:      lordsloth_arrival_two_stooges
D:2:      overflow_temple_1_default, first_ration
D:4:      cheibrodos_fertilizer, lemuel_coloured_pillars_altar, serial_shops,
          shop, uniq_sigmund
D:5:      hangedman_ru_absence, grunt_temple_overflow_open,
          portal_sewer_entry_f, uniq_prince_ribbit1

Skill      XL: |  1  2 |
---------------+-------+-----
Long Blades    | 3 |  3.4
Fighting       | |  2.1
Throwing       | |  1.0
Armour         | |  1.1
Dodging        | |  1.7
Spellcasting   | |  2.1
Translocations | |  2.6

Action                   || total
-------------------------++-------
Melee: Falchion          ||    82
 Abil: Shaft Self        ||     3
       Dig               ||     2
  Use: Scroll            ||     4
Armor: Leather armour    ||    26
Dodge: Dodged            ||    60
       Rpst.: Falchion   ||    15

Table legend:
 A = Spawn XP
 B = Non-spawn XP
 C = Spawn XP percentage of total XP
 D = Spawn monster count
 E = Non-spawn monster count
 F = Spawn count percentage of total count
 G = Total turns spent on level
                    A         B        C        D         E        F      G
               +---------+---------+-------+---------+---------+-------+---------
         Total |       0 |      38 |   0.0 |       0 |      20 |   0.0 |   396
               +---------+---------+-------+---------+---------+-------+---------
           D:1 |       0 |      23 |   0.0 |       0 |      12 |   0.0 |   215
           D:2 |       0 |       3 |   0.0 |       0 |       2 |   0.0 |    30
           D:3 |       0 |      12 |   0.0 |       0 |       6 |   0.0 |   103
               +---------+---------+-------+---------+---------+-------+---------
